 Dungeon Crawl Stone Soup version 0.23.0 (webtiles) character file.

Game seed: 5053513309896113362

42 Masnef the Skirmisher (level 3, 0/27 HPs)
             Began as an Octopode Abyssal Knight on Feb 16, 2019.
             Was a Follower of Lugonu.
             Succumbed to an adder's poison
             ... on level 2 of the Dungeon.
             The game lasted 00:02:35 (1256 turns).

Masnef the Skirmisher (Octopode Abyssal Knight)     Turns: 1256, Time: 00:02:35

Health: 0/27       AC:  1    Str: 11    XL:     3   Next: 56%
Magic:  4/4        EV: 13    Int: 15    God:    Lugonu [*.....]
Gold:   28         SH:  0    Dex: 11    Spells: 2/2 levels left

rFire    . . .     SeeInvis .   l - +2 short sword (flame)
rCold    . . .     Gourm    .   (no shield)
rNeg     . . .     Faith    .   (helmet restricted)
rPois    .         Spirit   .   (no amulet)
rElec    .         Reflect  .   (no ring)
rCorr    .         Harm     .   (no ring)
MR       +....                  (no ring)
Stlth    ++........             (no ring)
HPRegen  0.09/turn              (no ring)
MPRegen  0.09/turn              (no ring)
                                (no ring)
                                (no ring)

@: lethally poisoned (0 -> -10)
A: almost no armour, stealthy swim, amphibious, 8 rings, constrict 8, camouflage
1, magic resistance 1, gelatinous body 1, MP-powered wands
a: Depart the Abyss, Renounce Religion


You were on level 2 of the Dungeon.
You worshipped Lugonu.
Lugonu was aware of your devotion.
You were not hungry.

You visited 1 branch of the dungeon, and saw 2 of its levels.
You visited the Abyss 1 time.

You collected 28 gold pieces.

Inventory:

Hand Weapons
 a - a +1 short sword
 j - a +0 club
 l - a +2 short sword of flaming (weapon)
Armour
 d - a +0 shield
Scrolls
 c - 2 scrolls of remove curse {unknown}
 e - 4 scrolls of blinking {unknown}
 f - a scroll of immolation {unknown}
 g - a scroll of amnesia {unknown}
 i - a scroll of identify {unknown}
Comestibles
 b - 5 rations
 k - a chunk of flesh


   Skills:
 + Level 3.7 Fighting
 - Level 2.6 Short Blades
 + Level 2.6 Dodging
 + Level 0.8 Stealth
 + Level 2.2 Invocations


You had 2 spell levels left.
You didn't know any spells.
Your spell library was empty.

Dungeon Overview and Level Annotations

Branches:
Dungeon (2/15)

Altars:


Innate Abilities, Weirdness & Mutations

You cannot wear most types of armour.
You are very stealthy in the water. (Stealth+)
You are amphibious.
You can wear up to eight rings at the same time.
You can use your tentacles to constrict eight enemies at once.
Your skin changes colour to match your surroundings (Stealth+).
Your rubbery body absorbs attacks. (AC +1, EV +1)
You are resistant to hostile enchantments. (MR+)
You expend magic power (3 MP) to strengthen your wands.


Message History

You hit the adder. You burn the adder. Your grab misses the adder.
The adder is severely wounded.
* * * LOW HITPOINT WARNING * * *
You feel sick. The adder bites you.
* * * LOW HITPOINT WARNING * * *
Unknown command.
It was a potion of mutation.
You feel extremely strange.
You feel your magical essence link to your wands.
You feel resistant to hostile enchantments.
The adder bites you.
* * * LOW HITPOINT WARNING * * *
You are more poisoned.
The adder poisons you!
* * * LOW HITPOINT WARNING * * *
You feel sick. The adder barely misses you.
* * * LOW HITPOINT WARNING * * *
You feel sick.
* * * LOW HITPOINT WARNING * * *
You feel sick.
You die...

#..........#.#.#............
##.........#.#.######..#....
...........#.#.# #.......
#.........#.#.# #......#
#.........#.#.# ###......#
#.......(.#.#.# #.....รท...
#...?...S(#.#.# #.........
.....!.........####.......<.
......#...#@................
...####.#.#...(####.........
... #.#.#....# #......... ..
#.#.......# #.........
#.##......# #.........
#......# #.........
........# ########..
..)......# ...#######


You could see an adder.

Vanquished Creatures
  An ooze (D:1)
  3 dart slugs (D:1)
  3 bats (D:1)
  A giant cockroach (D:1)
  5 goblins (D:1)
  5 hobgoblins
  A ball python (D:2)
  A frilled lizard (D:2)
  7 kobolds
  3 rats (D:1)
30 creatures vanquished.

Notes
Turn   | Place    | Note
-------+----------+-------------------------------------------
     0 | Abyss:1  | Masnef the Octopode Abyssal Knight began the quest for the
                  | Orb.
     0 | Abyss:1  | Reached XP level 1. HP: 16/16 MP: 2/2
    23 | Abyss:2  | Noticed a black mamba skeleton
    24 | D:1      | Escaped the Abyss
   160 | D:1      | Reached XP level 2. HP: 14/21 MP: 3/3
   499 | D:1      | Reached * piety under Lugonu
   573 | D:1      | Reached XP level 3. HP: 26/26 MP: 4/4
  1252 | D:2      | Gained mutation: You expend magic power (3 MP) to
                  | strengthen your wands. [potion of mutation]
  1252 | D:2      | Gained mutation: You are resistant to hostile enchantments.
                  | (MR+) [potion of mutation]
  1255 | D:2      | HP: 1/27 [poisoned by an adder]
  1256 | D:2      | Succumbed to an adder's poison

Action                   || total
-------------------------++-------
Melee: Short sword       ||    70
       Tentacles         ||    10
       Constrict         ||    17
Invok: Depart the Abyss  ||     1
  Use: Potion            ||     1
 Stab: Sleeping          ||     2
  Eat: Chunk             ||     1
Armor: Skin              ||     6
Dodge: Dodged            ||    47
